AoeStats
← 1907723359

Arena

510082400Analyzed
2v2 RM · 1d ago on Sep 29, 2026· 27m 22s· 4 players
Game mode
Random Map
Map size
Medium (4 player)
Population
200
Speed
Normal
Resources
Standard
Victory
Conquest
Starting age
Dark Age
Ending age
Imperial Age
RankedLock teamsTeams togetherTeam positionsShared explorationLock speedFull tech treeHidden civsTurbo modeCheats
Victory
Defeat
🇨🇳 Wu · China
753
+16
🇨🇳 Danes · China
711
+18
🇨🇳 Franks · China
800
-19
🇧🇪 Persians · Belgium
710
-15
AlarmingSquid25
0:45 Loom
13:09 Feudal Age
19:43 Castle Age
17:33 Horse Collar
18:24 Stone Mining
18:39 Gold Mining
18:50 Double-Bit Axe
20:26 Wheelbarrow
19:37 Town Watch
20:24 Heavy Plow
20:43 Bow Saw
22:26 Gold Shaft Mining
25:32 Kamandaran
domsen
0:34 Loom
10:59 Feudal Age
17:05 Double-Bit Axe
23:58 Castle Age
23:32 Gold Mining
23:32 Stone Mining
27:52 Wheelbarrow
reality
10:46 Feudal Age
14:35 Castle Age
12:55 Double-Bit Axe
13:44 Horse Collar
14:45 Forging
14:36 Scale Mail Armor
15:14 Loom
17:01 Gold Mining
18:39 Squires
20:43 Arson
22:56 Chain Mail Armor
23:16 Iron Casting
24:38 Arson
27:30 Wheelbarrow
1907723359
11:55 Feudal Age
14:02 Double-Bit Axe
16:47 Castle Age
14:38 Horse Collar
14:57 Gold Mining
15:11 Stone Mining
15:50 Forging
16:38 Scale Mail Armor
17:32 Loom
17:33 Town Watch
19:08 Iron Casting
Connection lost

Rejoining the realm…

Still unreachable

The connection could not be restored.

Session expired

The server has moved on; the page needs a fresh start.